[ AOE2 MATCH · #493838382 ]
UnrankedCumans vs Lithuanians
Player's team · LOSS
[ REPLAY ANALYSIS · EXTRACTED FROM THE RECORDED GAME ]
Feudal
9:52
Castle
26:51
Imperial
46:31
| APM avg | 42.8 |
| APM peak | 87 |
| eAPM avg | 21.5 |
| Villagers / military | 161 / 91 |
Focus
⚔️ 30.9% · 🌾 69.1%
Kipchak ×75 · Steppe Lancer ×10 · Trebuchet (Packed) ×4 · Monk ×2
Feudal
10:30
Castle
26:34
Imperial
46:07
| APM avg | 29.3 |
| APM peak | 57 |
| eAPM avg | 19.8 |
| Villagers / military | 221 / 149 |
Focus
⚔️ 32.1% · 🌾 67.9%
Leitis ×63 · Scout Cavalry ×44 · Knight ×19 · Militia ×14 · Monk ×5 · Trebuchet (Packed) ×3
Match map
Initial resources + every placement click. Lines = walls · curves = elevation contours. ◆ gold · ⬟ stone · ● berries · ✦ relic · ◌ wall gap
Your base· Open — 3t gap
th3g3ntl3man's base· Open — unwalled flank
Smoothed initial terrain · ◌ = detected wall gap · hover for details
Inputs per minute
— Jacus - - th3g3ntl3man
Build order — Jacus
First 150 of 391 actions detected
| 0:00 | Queue | Villager (Male) |
| 0:00 | Queue | Villager (Male) |
| 0:01 | Queue | Villager (Male) |
| 0:02 | Build | House |
| 0:15 | Build | House |
| 0:20 | Queue | Villager (Male) |
| 1:35 | Queue | Villager (Male) |
| 2:13 | Queue | Villager (Male) |
| 2:26 | Queue | Villager (Male) |
| 2:58 | Research | Loom |
| 3:32 | Queue | Villager (Male) |
| 3:32 | Queue | Villager (Male) |
| 3:33 | Queue | Villager (Male) |
| 4:15 | Queue | Villager (Male) |
| 4:15 | Queue | Villager (Male) |
| 4:15 | Queue | Villager (Male) |
| 4:26 | Build | Lumber Camp |
| 4:29 | Build | House |
| 4:31 | Queue | Villager (Male) |
| 5:16 | Queue | Villager (Male) |
| 6:05 | Queue | Villager (Male) |
| 6:05 | Queue | Villager (Male) |
| 6:06 | Queue | Villager (Male) |
| 6:06 | Queue | Villager (Male) |
| 6:29 | Queue | Villager (Male) |
| 6:29 | Queue | Villager (Male) |
| 7:02 | Build | Mill |
| 7:40 | Research | Feudal Age |
| 8:19 | Build | House |
| 8:20 | Build | House |
| 8:25 | Build | House |
| 8:26 | Build | House |
| 8:28 | Queue | Villager (Male) |
| 9:39 | Queue | Villager (Male) |
| 9:52 | Age | Feudal Age |
| 9:58 | Build | Town Center |
| 10:05 | Research | Double-Bit Axe |
| 10:07 | Research | Horse Collar |
| 10:11 | Build | House |
| 10:26 | Build | House |
| 10:39 | Queue | Villager (Male) |
| 10:39 | Queue | Villager (Male) |
| 11:12 | Queue | Villager (Male) |
| 11:12 | Queue | Villager (Male) |
| 11:34 | Queue | Villager (Male) |
| 11:35 | Queue | Villager (Male) |
| 11:48 | Queue | Villager (Male) |
| 12:06 | Build | Lumber Camp |
| 12:11 | Build | Watch Tower |
| 12:19 | Build | House |
| 12:21 | Build | House |
| 12:25 | Queue | Villager (Male) |
| 12:25 | Queue | Villager (Male) |
| 12:25 | Queue | Villager (Male) |
| 12:31 | Build | House |
| 12:38 | Queue | Villager (Male) |
| 12:56 | Build | Palisade Wall |
| 13:48 | Queue | Villager (Male) |
| 13:58 | Queue | Villager (Male) |
| 13:58 | Queue | Villager (Male) |
| 14:05 | Build | Mill |
| 14:35 | Queue | Villager (Male) |
| 14:36 | Queue | Villager (Male) |
| 14:41 | Build | Farm |
| 14:42 | Build | Farm |
| 14:51 | Queue | Villager (Male) |
| 14:58 | Build | Farm |
| 15:31 | Queue | Villager (Male) |
| 15:51 | Queue | Villager (Male) |
| 16:09 | Build | Farm |
| 16:10 | Build | Farm |
| 16:11 | Build | Farm |
| 16:12 | Build | Farm |
| 16:12 | Build | Farm |
| 16:12 | Build | Farm |
| 16:13 | Build | Farm |
| 16:32 | Queue | Villager (Male) |
| 16:33 | Queue | Villager (Male) |
| 16:37 | Build | Market |
| 16:59 | Queue | Villager (Male) |
| 17:33 | Build | Mining Camp |
| 17:50 | Queue | Villager (Male) |
| 17:51 | Queue | Villager (Male) |
| 18:18 | Research | Wheelbarrow |
| 18:19 | Queue | Villager (Male) |
| 18:53 | Queue | Villager (Male) |
| 18:58 | Build | House |
| 18:59 | Build | House |
| 19:49 | Queue | Villager (Male) |
| 19:50 | Queue | Villager (Male) |
| 19:59 | Queue | Villager (Male) |
| 19:59 | Queue | Villager (Male) |
| 20:10 | Build | Watch Tower |
| 20:31 | Queue | Villager (Male) |
| 20:31 | Queue | Villager (Male) |
| 20:53 | Queue | Villager (Male) |
| 20:53 | Queue | Villager (Male) |
| 21:23 | Queue | Villager (Male) |
| 21:44 | Queue | Villager (Male) |
| 21:45 | Queue | Villager (Male) |
| 22:02 | Queue | Villager (Male) |
| 22:17 | Queue | Villager (Male) |
| 22:17 | Queue | Villager (Male) |
| 22:56 | Queue | Villager (Male) |
| 22:57 | Queue | Villager (Male) |
| 23:43 | Queue | Villager (Male) |
| 23:44 | Queue | Villager (Male) |
| 23:47 | Build | Blacksmith |
| 24:11 | Research | Castle Age |
| 24:12 | Queue | Villager (Male) |
| 24:45 | Research | Fletching |
| 24:49 | Build | Lumber Camp |
| 25:07 | Build | Barracks |
| 25:24 | Queue | Villager (Male) |
| 25:24 | Queue | Villager (Male) |
| 25:39 | Build | Farm |
| 25:42 | Queue | Villager (Male) |
| 25:46 | Build | Mining Camp |
| 25:57 | Research | Stone Mining |
| 26:21 | Queue | Villager (Male) |
| 26:51 | Age | Castle Age |
| 27:10 | Build | Castle |
| 27:34 | Queue | Villager (Male) |
| 27:35 | Queue | Villager (Male) |
| 27:47 | Build | Town Center |
| 28:01 | Research | Bodkin Arrow |
| 28:02 | Queue | Villager (Male) |
| 28:24 | Queue | Villager (Male) |
| 28:49 | Queue | Villager (Male) |
| 29:30 | Queue | Villager (Male) |
| 29:30 | Queue | Villager (Male) |
| 29:31 | Queue | Villager (Male) |
| 29:31 | Queue | Villager (Male) |
| 30:22 | Queue | Villager (Male) |
| 30:22 | Queue | Villager (Male) |
| 30:24 | Research | Bow Saw |
| 30:25 | Research | Bow Saw |
| 30:27 | Build | Farm |
| 30:27 | Build | Farm |
| 30:27 | Build | Farm |
| 30:27 | Build | Farm |
| 30:28 | Build | Farm |
| 30:28 | Build | Farm |
| 30:45 | Queue | Villager (Male) |
| 30:46 | Queue | Villager (Male) |
| 30:57 | Queue | Kipchak |
| 30:58 | Queue | Kipchak |
| 31:19 | Queue | Villager (Male) |
| 31:19 | Queue | Villager (Male) |
| 31:25 | Queue | Villager (Male) |
Build order — th3g3ntl3man
First 150 of 572 actions detected
| 0:00 | Queue | Villager (Male) |
| 0:00 | Queue | Villager (Male) |
| 0:01 | Queue | Villager (Male) |
| 0:02 | Build | House |
| 0:03 | Build | House |
| 0:08 | Queue | Villager (Male) |
| 0:08 | Queue | Villager (Male) |
| 0:25 | Queue | Villager (Male) |
| 1:23 | Queue | Villager (Male) |
| 1:30 | Build | Lumber Camp |
| 1:51 | Queue | Villager (Male) |
| 2:18 | Build | House |
| 2:30 | Queue | Villager (Male) |
| 3:10 | Queue | Villager (Male) |
| 3:47 | Queue | Villager (Male) |
| 4:21 | Build | Mill |
| 4:22 | Queue | Villager (Male) |
| 4:45 | Queue | Villager (Male) |
| 5:11 | Queue | Villager (Male) |
| 5:15 | Queue | Villager (Male) |
| 5:27 | Queue | Villager (Male) |
| 5:30 | Build | House |
| 5:47 | Queue | Villager (Male) |
| 5:58 | Queue | Villager (Male) |
| 6:14 | Queue | Villager (Male) |
| 6:15 | Queue | Villager (Male) |
| 6:35 | Build | Barracks |
| 6:36 | Queue | Villager (Male) |
| 6:40 | Queue | Villager (Male) |
| 7:00 | Build | House |
| 7:08 | Queue | Villager (Male) |
| 8:06 | Research | Feudal Age |
| 8:06 | Research | Loom |
| 8:16 | Queue | Militia |
| 8:16 | Queue | Militia |
| 8:16 | Queue | Militia |
| 8:52 | Queue | Militia |
| 9:23 | Build | Mining Camp |
| 10:07 | Build | House |
| 10:30 | Age | Feudal Age |
| 10:32 | Research | Man-at-Arms (upgrade) |
| 10:33 | Queue | Villager (Male) |
| 10:34 | Queue | Villager (Male) |
| 10:37 | Build | Watch Tower |
| 10:45 | Queue | Villager (Male) |
| 10:47 | Queue | Villager (Male) |
| 10:48 | Queue | Villager (Male) |
| 10:48 | Queue | Villager (Male) |
| 10:50 | Build | House |
| 10:51 | Build | House |
| 10:53 | Queue | Villager (Male) |
| 11:10 | Queue | Villager (Male) |
| 11:17 | Build | Watch Tower |
| 11:37 | Queue | Villager (Male) |
| 11:39 | Build | Farm |
| 11:41 | Research | Double-Bit Axe |
| 11:42 | Research | Horse Collar |
| 11:42 | Research | Horse Collar |
| 11:43 | Queue | Villager (Male) |
| 11:49 | Build | Farm |
| 11:53 | Build | Farm |
| 11:56 | Build | Palisade Wall |
| 11:59 | Build | Palisade Wall |
| 12:00 | Build | Palisade Wall |
| 12:08 | Queue | Villager (Male) |
| 12:10 | Build | Farm |
| 12:18 | Build | House |
| 12:25 | Queue | Villager (Male) |
| 12:38 | Queue | Villager (Male) |
| 12:52 | Queue | Villager (Male) |
| 13:12 | Queue | Villager (Male) |
| 13:16 | Build | House |
| 13:18 | Build | House |
| 13:19 | Queue | Villager (Male) |
| 13:38 | Queue | Villager (Male) |
| 13:42 | Build | Mining Camp |
| 13:45 | Build | Mill |
| 13:59 | Build | Watch Tower |
| 14:01 | Queue | Villager (Male) |
| 14:09 | Queue | Villager (Male) |
| 14:09 | Queue | Villager (Male) |
| 14:21 | Queue | Villager (Male) |
| 14:23 | Build | Blacksmith |
| 14:34 | Queue | Spearman |
| 15:00 | Queue | Villager (Male) |
| 15:00 | Queue | Villager (Male) |
| 15:05 | Queue | Villager (Male) |
| 15:24 | Queue | Villager (Male) |
| 15:26 | Build | Watch Tower |
| 15:33 | Build | Mining Camp |
| 15:36 | Queue | Villager (Male) |
| 16:12 | Build | Stone Wall |
| 16:12 | Build | Stone Wall |
| 16:12 | Build | Stone Wall |
| 16:12 | Build | Stone Wall |
| 16:13 | Build | Stone Wall |
| 16:13 | Build | Stone Wall |
| 16:13 | Build | Stone Wall |
| 16:13 | Build | Stone Wall |
| 16:14 | Build | Stone Wall |
| 16:23 | Queue | Militia |
| 16:23 | Queue | Militia |
| 16:24 | Queue | Villager (Male) |
| 16:25 | Queue | Villager (Male) |
| 16:57 | Queue | Militia |
| 16:58 | Queue | Villager (Male) |
| 17:12 | Research | Fletching |
| 17:13 | Queue | Villager (Male) |
| 17:15 | Queue | Villager (Male) |
| 17:17 | Build | Farm |
| 17:18 | Build | Farm |
| 17:34 | Build | Watch Tower |
| 17:39 | Queue | Villager (Male) |
| 17:41 | Build | Farm |
| 17:51 | Build | Outpost |
| 17:57 | Research | Town Watch |
| 18:07 | Queue | Villager (Male) |
| 18:28 | Queue | Villager (Male) |
| 18:31 | Build | Lumber Camp |
| 18:33 | Queue | Villager (Male) |
| 18:56 | Queue | Villager (Male) |
| 19:11 | Build | Watch Tower |
| 19:15 | Build | Watch Tower |
| 19:17 | Queue | Militia |
| 19:17 | Queue | Militia |
| 19:18 | Queue | Militia |
| 19:35 | Build | Watch Tower |
| 19:37 | Queue | Villager (Male) |
| 19:54 | Queue | Villager (Male) |
| 20:02 | Build | Watch Tower |
| 20:08 | Queue | Militia |
| 20:09 | Queue | Villager (Male) |
| 20:23 | Build | Watch Tower |
| 20:24 | Queue | Villager (Male) |
| 20:24 | Queue | Villager (Male) |
| 20:48 | Queue | Militia |
| 20:48 | Queue | Villager (Male) |
| 21:00 | Queue | Villager (Male) |
| 21:06 | Queue | Villager (Male) |
| 21:16 | Queue | Villager (Male) |
| 21:17 | Queue | Villager (Male) |
| 21:20 | Queue | Villager (Male) |
| 21:24 | Queue | Villager (Male) |
| 21:33 | Build | House |
| 21:34 | Queue | Villager (Male) |
| 21:38 | Build | Watch Tower |
| 21:42 | Queue | Militia |
| 21:43 | Queue | Militia |
| 21:43 | Queue | Villager (Male) |
| 21:51 | Build | Mining Camp |
Match timeline
| 6:35 | th3g3ntl3man · first_building Barracks |
| 9:52 | Jacus · age_up feudal |
| 10:30 | th3g3ntl3man · age_up feudal |
| 11:56 | th3g3ntl3man · wall_segment Palisade Wall x1 |
| 11:59 | th3g3ntl3man · wall_segment Palisade Wall x1 |
| 12:00 | th3g3ntl3man · wall_segment Palisade Wall x1 |
| 12:56 | Jacus · wall_segment Palisade Wall x1 |
| 16:12 | th3g3ntl3man · wall_segment Stone Wall x1 |
| 16:12 | th3g3ntl3man · wall_segment Stone Wall x1 |
| 16:12 | th3g3ntl3man · wall_segment Stone Wall x2 |
| 16:12 | th3g3ntl3man · wall_segment Stone Wall x1 |
| 16:13 | th3g3ntl3man · wall_segment Stone Wall x2 |
| 16:13 | th3g3ntl3man · wall_segment Stone Wall x1 |
| 16:13 | th3g3ntl3man · wall_segment Stone Wall x1 |
| 16:13 | th3g3ntl3man · wall_segment Stone Wall x2 |
| 16:14 | th3g3ntl3man · wall_segment Stone Wall x1 |
| 17:53 | Jacus · first_market_sell 100 wood |
| 17:54 | Jacus · first_market_buy 100 food |
| 24:05 | th3g3ntl3man · first_building Stable |
| 25:07 | Jacus · first_building Barracks |
| 25:55 | th3g3ntl3man · first_market_buy 100 food |
| 26:34 | th3g3ntl3man · age_up castle |
| 26:51 | Jacus · age_up castle |
| 27:10 | Jacus · first_building Castle |
| 27:14 | th3g3ntl3man · first_market_sell 100 wood |
| 27:52 | th3g3ntl3man · wall_segment Stone Wall x2 |
| 27:53 | th3g3ntl3man · wall_segment Stone Wall x1 |
| 27:53 | th3g3ntl3man · wall_segment Stone Wall x2 |
| 27:53 | th3g3ntl3man · wall_segment Stone Wall x2 |
| 27:53 | th3g3ntl3man · wall_segment Stone Wall x1 |
| 28:35 | th3g3ntl3man · first_building Monastery |
| 31:57 | th3g3ntl3man · first_building Castle |
| 36:04 | Jacus · first_building Monastery |
| 41:56 | Jacus · first_building Stable |
| 46:07 | th3g3ntl3man · age_up imperial |
| 46:31 | Jacus · age_up imperial |
| 58:29 | Jacus · first_building Archery Range |
| 62:53 | Jacus · resign |
[ AI ANALYSIS · 1 CREDIT ]
What really happened in this match?
Wolo.gg analyzes every decision: build order, eco, micro, common mistakes by bracket. Personalized analysis on WhatsApp or Discord in 30 seconds.
Civ guide
Cumans
Perfil
Jacus